 Dungeon Crawl Stone Soup version 0.26-b1-32-g5d43845318 (webtiles) character file.

Game seed: 12504473773333074411

2926 Borgoz the Basher (level 9, 0/55 HPs)
             Began as a Gargoyle Gladiator on Jan 11, 2021.
             Killed from afar by Psyche (9 damage)
             ... with a magic dart
             ... on level 8 of the Dungeon.
             The game lasted 00:10:21 (7510 turns).

Borgoz the Basher (Gargoyle Gladiator)              Turns: 7510, Time: 00:10:22

Health: 0/55       AC: 13    Str: 19    XL:     9   Next: 79%
Magic:  9/9        EV: 20    Int:  8    God:
Gold:   296        SH:  0    Dex: 14    Spells: 3/8 levels left

rFire    . . .     SeeInvis .   r - +1 morningstar (flame)
rCold    . . .     Faith    .   (no shield)
rNeg     + . .     Spirit   .   t - +0 steam dragon scales
rPois    ∞         Reflect  .   c - +0 helmet
rElec    +         Harm     .   (no cloak)
rCorr    .         Rampage  .   (no gloves)
Will     .....                  (no boots)
Stlth    +.........             (no amulet)
HPRegen  0.18/turn              p - +4 ring of evasion
MPRegen  0.11/turn              (no ring)

@: no status effects
A: negative energy resistance 1, electricity resistance, unbreathing,
petrification resistance, miasma immunity, AC +6
a: no special abilities


You were on level 8 of the Dungeon.
You visited 2 branches of the dungeon, and saw 9 of its levels.

You collected 296 gold pieces.

Inventory:

Hand Weapons
 r - a +1 morningstar of flaming (weapon)
Missiles
 d - 2 throwing nets (quivered)
Armour
 c - a +0 helmet (worn)
 s - a +0 leather armour of fire resistance
 t - +0 steam dragon scales (worn)
Jewellery
 n - a +6 ring of intelligence
 p - a +4 ring of evasion (left hand)
Wands
 a - a wand of digging (5)
Scrolls
 f - 3 scrolls of teleportation
 g - 2 scrolls of magic mapping
 i - a scroll of brand weapon
 j - 2 scrolls of identify
 l - a scroll of enchant weapon
 m - 4 scrolls of fear
 o - 4 scrolls of remove curse
Potions
 b - 2 potions of curing
 e - 2 potions of mutation
 h - a potion of heal wounds
 k - a potion of resistance


   Skills:
 + Level 6.3 Fighting
 * Level 8.2 Maces & Flails
 - Level 1.7 Throwing
 + Level 5.7 Armour
 * Level 6.8 Dodging


You had 3 spell levels left.
You knew the following spells:

 Your Spells              Type           Power        Failure   Level
a - Blink                 Tloc           N/A          54%         2
b - Confusing Touch       Hex            0%           78%         3

Your spell library contained the following spells:

 Spells                   Type           Power        Failure   Level
 Corona                   Hex            0%           41%         1
 Magic Dart               Conj           0%           41%         1
 Call Imp                 Summ           0%           54%         2
 Ensorcelled Hibernation  Hex/Ice        0%           54%         2
 Slow                     Hex            0%           54%         2
 Conjure Flame            Conj/Fire      0%           78%         3
 Dazzling Flash           Conj/Hex       0%           78%         3
 Mephitic Cloud           Conj/Pois/Air  0%           78%         3
 Tukima's Dance           Hex            0%           78%         3


Dungeon Overview and Level Annotations

Branches:
Dungeon (8/15)             Temple (1/1) D:4
   Lair: D:8-11

Altars:
Ashenzari
Dithmenos
Elyvilon
Fedhas
Gozag
Hepliaklqana
Kikubaaqudgha
Makhleb
Nemelex Xobeh
Okawaru
Ru
Sif Muna
Trog
Uskayaw
Vehumet
Wu Jian
Xom
Yredelemnul
Zin
The Shining One

Annotations:
D:8 Psyche


Innate Abilities, Weirdness & Mutations

You are resistant to torment.
Your stone body is resilient. (AC +6)
You are immune to poison.
You resist negative energy. (rN+)
You are resistant to electric shocks. (rElec)
You can survive without breathing.
You are immune to petrification.
You are immune to miasma.


Message History

You miss Psyche.
Psyche is almost dead.
Psyche points at you and mumbles some strange words.
The magic dart hits you but does no damage.
The orc closely misses you.
The phantom blinks!
Psyche points at herself and mumbles some strange words.
Psyche flickers and vanishes!
Deactivating autopickup; reactivate with Ctrl-A.
You miss something. Something barely misses you.
The phantom hits you but does no damage.
The orc barely misses you. Something hits you. Space bends around you.
You completely miss something. Something hits you.
Space warps horribly around you!
* * * LOW HITPOINT WARNING * * *
The phantom hits you.
* * * LOW HITPOINT WARNING * * *
You hear some strange, mumbled words.
A magic dart appears from out of thin air!
The magic dart hits you!
You die...

#......#........
#...............
####..#.####.......
......#.####.......
####...............
#...............
####..............
#.W'...........(..
#@##...........
########{##.......####
...s...os.###'#####
..............#
..........#####
..........#
..........#
..........#
..........#


You could see a phantom, a scorpion and an orc.

Vanquished Creatures
  Pikel (D:5)
  Maggie (D:7)
  A water moccasin (D:7)
  An orc warrior (D:8)
  2 ice beasts
  5 ogres
  A phantom (D:5)
  A big kobold (D:6)
  A bullfrog (D:6)
  A scorpion (D:7)
  5 killer bees (D:7)
  A bullfrog zombie (D:8)
  A howler monkey (D:4)
  A quasit (D:7)
  2 bullfrog skeletons (D:7)
  A jelly (D:7)
  An orc priest (D:7)
  6 orc wizards
  2 iguanas
  4 worker ants
  A howler monkey zombie (D:6)
  A worker ant zombie (D:6)
  8 gnolls (D:7)
  8 adders
  2 white imps (D:5)
  An ufetubus (D:5)
  2 oozes
  An adder skeleton (D:7)
  A worm (D:2)
  A dart slug (D:1)
  2 leopard geckos
  30 orcs
  7 bats
  4 giant cockroaches
  11 goblins
  9 hobgoblins
  17 jackals
  3 quokkas
  2 ball pythons
  4 frilled lizards
  8 kobolds
  A leopard gecko skeleton (D:7)
  2 quokka zombies
  7 rats
172 creatures vanquished.

Vanquished Creatures (others)
  An adder (D:7)
1 creature vanquished.

Grand Total: 173 creatures vanquished

Notes
Turn   | Place    | Note
-------+----------+-------------------------------------------
     0 | D:1      | Borgoz the Gargoyle Gladiator began the quest for the Orb.
     0 | D:1      | Reached XP level 1. HP: 12/12 MP: 1/1
    93 | D:1      | Reached XP level 2. HP: 18/18 MP: 2/2
   405 | D:1      | Reached XP level 3. HP: 22/22 MP: 3/3
   418 | D:1      | Reached skill level 1 in Armour
  1007 | D:2      | Reached XP level 4. HP: 11/27 MP: 4/4
  1714 | D:2      | Found a bloodstained altar of Trog.
  2103 | D:3      | Reached XP level 5. HP: 32/32 MP: 5/5
  2173 | D:3      | Reached skill level 4 in Maces & Flails
  2286 | D:3      | Found a sacrificial altar of Ru.
  2477 | D:3      | Learned a level 2 spell: Blink
  2722 | D:4      | Reached XP level 6. HP: 37/37 MP: 6/6
  2752 | D:4      | Found a staircase to the Ecumenical Temple.
  2764 | Temple   | Entered the Ecumenical Temple
  3529 | D:4      | Found a shimmering blue altar of Sif Muna.
  3658 | D:5      | Entered Level 5 of the Dungeon
  3794 | D:5      | Noticed Pikel
  3815 | D:5      | Killed Pikel
  3816 | D:5      | Reached skill level 5 in Maces & Flails
  3816 | D:5      | Reached XP level 7. HP: 32/44 MP: 7/7
  3816 | D:5      | Reached XP level 8. HP: 35/48 MP: 8/8
  4002 | D:5      | Reached skill level 6 in Maces & Flails
  4002 | D:5      | Reached skill level 5 in Dodging
  4022 | D:5      | Learned a level 3 spell: Confusing Touch
  4659 | D:6      | Found a basalt altar of Yredelemnul.
  4775 | D:6      | Reached skill level 5 in Fighting
  4904 | D:6      | Found a hide-covered altar of Uskayaw.
  4924 | D:6      | Found an iron altar of Okawaru.
  5497 | D:7      | Reached skill level 7 in Maces & Flails
  5570 | D:7      | Reached XP level 9. HP: 54/54 MP: 9/9
  5689 | D:7      | Noticed Maggie
  5690 | D:7      | Found a blossoming altar of Fedhas.
  5715 | D:7      | Killed Maggie
  5716 | D:7      | Reached skill level 5 in Armour
  6893 | D:8      | Reached skill level 8 in Maces & Flails
  7493 | D:8      | Noticed Psyche
  7510 | D:8      | Killed from afar by Psyche

Illustrated notes

Levels and vault maps discovered:
D:1:      lemuel_arrival_funnel, layout_rooms
D:2:      layout_loops_ring, general_overflow_altar, kennysheep_path_1
D:3:      layout_loops_ring, marbit_many_paths, lightli_corner_chamber
D:4:      layout_cave_pods, minmay_temple_entry_sparse_star,
          lemuel_blue_sif_altar
D:5:      layout_loops_ring, uniq_pikel
D:6:      layout_basic, kennysheep_mini_moat,
          chequers_temple_overflow_statue_of_worship, minmay_misc_feat_x,
          minmay_unpleasant_kobolds
D:7:      layout_gridville, basic_altar, uniq_maggie
D:8:      layout_basic, uniq_psyche
Temple:   nicolae_temple_no_exploring_needed

Skill      XL: |  1  2  3  4  5  6  7  8  9 |
---------------+----------------------------+-----
Armour         | 1 2 3 4 5 |  5.7
Dodging        | 3 4 5 6 |  6.8
Fighting       | 3 4 5 6 |  6.3
Maces & Flails | 4 5 7 8 |  8.2
Throwing       | |  1.7

Action                   |  1- 3 |  4- 6 |  7- 9 || total
-------------------------+-------+-------+-------++-------
Melee: Flail             |   127 |   228 |   144 ||   499
       Morningstar       |       |       |   237 ||   237
Throw: Throwing net      |       |       |     5 ||     5
  Use: Scroll            |       |     9 |     8 ||    17
       Potion            |       |     2 |     6 ||     8
 Stab: Sleeping          |       |       |     1 ||     1
       Held in net/web   |       |       |     1 ||     1
Armor: Leather armour    |    14 |    44 |    74 ||   132
       Scale mail        |     4 |       |       ||     4
       Ring mail         |    50 |    42 |       ||    92
       Steam dragon scal |       |       |    96 ||    96
Dodge: Dodged            |   116 |   226 |   585 ||   927
